 BcadrenCrawl: Boulder Brew version 0.06-240-gf756cca71e (webtiles) character file.

Game seed: 13139680998304147012, levelgen mode: deterministic

138 gruber the Twirler (level 5, -3/45 HPs) Minotaur Berserker. Began on Aug 13, 2022. Was a Believer of Trog. Slain by a cinder newt (4 damage) ... on level 2 of the Dungeon. The game lasted 00:02:47 (912 turns).

gruber the Twirler (Minotaur Berserker)              Turns: 912, Time: 00:02:47

Health: -3/45      AC: 10    Str: 21    XL:     5 ^: 182
Magic:  4/4        EV: 11    Int:  4    God:    Trog [2* [52]]
Gold:   78         SH:  2    Dex: 11    Spells: 4/4 levels left

rFire    . . .     Slash    .   a - +0 mace
rCold    . . .     Pierce   .   l - +0 buckler
rNeg     . . .     Bludgeon .   g - +0 ring mail
rCorr    . . .     Vision   .   (helmet restricted)
rPois    .         Gourm    .   (no cloak)
rElec    .         Faith    .   (no gloves)
MR       .....     Spirit   .   (no boots)
HPRegen  0.25/turn Reflect  .   (no amulet)
MPRegen  0.14/turn Harm     .   h - ring of stealth Stlth ++........Rnd*Rage +
                                n - ring of protection

@: berserk cooldown, mesmerised, slowed, very slow
A: horns, retaliatory headbutt 2, soft flesh
a: Berserk, Trog's Hand, Renounce Religion


You were on level 2 of the Dungeon.
You worshipped Trog.
Trog was pleased with you.
You were very hungry.

You visited 1 branch of the dungeon, and saw 2 of its levels.

You collected 78 gold pieces.

Inventory:

Weapons
 a - a +0 mace (weapon) Shields
 e - a +0 heater shield of poison resistance
 l - a +0 buckler (shield)
Armour
 b - a +0 animal skin
 g - a +0 ring mail (worn)
Jewellery
 h - a ring of stealth (left hand)
 n - a ring of protection (right hand)
Scrolls
 i - a scroll of teleportation
 k - 2 scrolls of magic mapping
Potions
 d - a potion of brilliance
 f - a potion of invisibility
 j - a potion of curing
 m - a potion of haste
Comestibles
 c - 5 rations


   Skills:
 - Level 3.6 Fighting
 + Level 6.9 Maces & Staves
 - Level 2.4 Armour
 - Level 2.1 Dodging
 + Level 0.2 Shields


You had 4 spell levels left.
You didn't know any spells.
Your spell library was empty.

Dungeon Overview and Level Annotations

Branches:
Dungeon (2/8)

Altars:


Innate Abilities, Weirdness & Mutations

You reflexively attack those that strike you in melee with your horns.
((Your soft flesh is weak to deep cuts.
Heavy manmade armour will nullify this weakness. (rSlashing-)))
You frequently lose your temper in combat.
This godly rage surpasses even clarity. (*Rage)


Message History

The malarious merfolk avatar chants its luring song.
Unknown command.
Unknown command.
You hit the malarious merfolk avatar (3).
The malarious merfolk avatar is moderately wounded. (13/20) HP The cinder newt bites you.
The cinder newt burns you (4).
* * * LOW HITPOINT WARNING * * *
The malarious merfolk avatar chants its luring song.
Unknown command.
Unknown command.
Unknown command.
You hit the cinder newt (3).
It is struck brutally!
The cinder newt is moderately wounded. (10/13) HP The cinder newt bites you.
The cinder newt burns you (3).
* * * LOW HITPOINT WARNING * * *
The malarious merfolk avatar chants its luring song.
The drowned soul touches you. The drowned soul drowns you (3).
* * * LOW HITPOINT WARNING * * *
The cinder newt bites you. The cinder newt burns you (4).
You die...

...#.≈≈..≈≈.####)##
#.≈≈.≈≈≈†#.≈#.###
#≈≈≈≈≈≈†...≈≈#b≈##
#≈≈≈≈≈≈≈........≈##
#≈≈PP≈≈≈..........##
#≈≈PPZ≈≈.#)).....≈≈#
#≈≈P;PPP.).†......≈#
#≈ PP≈≈P)###.....P##
PP≈P..#≈@.....###
≈≈≈P..≈ml.#...#≈##
≈≈≈≈≈≈.#....#..≈≈≈.#
≈≈≈≈≈P....#..≈######
≈≈≈≈≈≈≈.......≈≈≈P≈≈
≈≈P≈≈≈≈≈.≈PP.≈W≈≈≈≈≈
≈.P≈≈≈.≈≈P†≈≈≈≈≈≈≈
.W.PP≈≈P≈≈P≈≈≈≈≈≈≈
≈≈≈PP≈PP≈P≈≈≈≈≈≈≈≈


You could see a malarious merfolk avatar, 2 drowned souls and a cinder newt.

Vanquished Creatures
  A big kobold (D:2)
  A giant cockroach (D:1)
  A sewer rat (D:2)
  2 cinder newts
  2 leopard geckos
  An adder skeleton (D:2)
  A ball python (D:1)
  2 hobgoblins (D:1)
  7 kobolds
  10 bats
  3 goblins (D:1)
  A kobold skeleton (D:2)
  5 rats (D:1)
37 creatures vanquished.

Vanquished Creatures (others)
  2 sewer rats (D:2)
  A ball python (D:2)
  47 withered plants (D:2)
50 creatures vanquished.

Grand Total: 87 creatures vanquished

Notes
Turn   | Place    | Note
-------+----------+-------------------------------------------
     0 | D:1      | gruber the Minotaur Berserker began the quest for the Orb.
     0 | D:1      | Reached XP level 1. HP: 19/19 MP: 0/0
    14 | D:1      | Reached skill level 4 in Maces & Staves
    47 | D:1      | Reached XP level 2. HP: 26/26 MP: 1/1
   207 | D:1      | Reached skill level 5 in Maces & Staves
   221 | D:1      | Reached XP level 3. HP: 31/31 MP: 2/2
   300 | D:1      | Reached ** piety under Trog
   767 | D:2      | Received a gift from Trog
   863 | D:2      | Noticed a big kobold
   887 | D:2      | Killed a big kobold
   887 | D:2      | Reached skill level 6 in Maces & Staves
   887 | D:2      | Reached XP level 4. HP: 20/39 MP: 3/3
   890 | D:2      | Reached XP level 5. HP: 23/45 MP: 4/4
   912 | D:2      | HP: 1/45 [drowned by a drowned soul[a malarious merfolk
                  | avatar] (3)]
   912 | D:2      | Slain by a cinder newt

Levels and vault maps discovered:
D:1:      heliophobic_arrival_enchanted_forest, layout_cave_pools,
          grunt_decor_clamped
D:2:      layout_sewer, lemuel_doored_altar, st_mermaid_room, first_ration,
          nrook_mini_backslash, chequers_serial_rivers_marsh,
          supply_closet_lemuel, lightli_church_of_beogh

Skill      XL: |  1  2  3 |
---------------+----------+-----
Maces & Staves | 4 5 6 |  6.9
Fighting       | |  3.6
Armour         | |  2.4
Dodging        | |  2.1
Shields        | |  0.2

Action                   |  1- 3 |  4- 6 || total
-------------------------+-------+-------++-------
Melee: Mace              |    53 |    12 ||    65
       Unarmed           |    14 |       ||    14
       Headbutt          |     6 |       ||     6
Invok: Berserk           |     3 |       ||     3
       Trog's Hand       |     1 |       ||     1
  Eat: Chunk             |     1 |       ||     1
Armor: Animal skin       |     8 |       ||     8
       Ring mail         |     8 |    10 ||    18
Dodge: Dodged            |    22 |     4 ||    26
Block: Buckler           |     5 |       ||     5
